[Event "Team 45 45 League T76"]
[Site "Internet Chess Club"]
[Date "2018.04.22"]
[Round "5"]
[White "fao9944"]
[Black "Constrictor"]
[Result "1-0"]
[WhiteElo "1559"]
[BlackElo "1564"]
[Opening "Queen's pawn"]
[ECO "A40"]
[Time "15:01:20"]
[TimeControl "2700+45"]

1. d4 c6 2. Nf3 d5 3. Bf4 Nf6 4. e3 Qb6 5. Qc1 Bg4 6. Nbd2 Nbd7 7. h3 Bf5 8. Be2
e6 9. O-O Be7 10. c4 c5 11. cxd5 Nxd5 12. Bh2 O-O 13. e4 cxd4 14. exf5 Rac8 15.
Qb1 Nb4 16. Nc4 Qc6 17. Nxd4 Qd5 18. Rd1 b5 19. Nxe6 fxe6 20. Rxd5 exd5 21. a3
Nc6 22. Nd6 Bxd6 23. Bxd6 Rfe8 24. Bxb5 Nf6 25. Bxc6 Rxc6 26. Bb4 Re2 27. Bc3
Ne4 28. Qd3 Nxc3 29. bxc3 Re5 30. f4 {Black resigns} 1-0

[Event "Team 45 45 League T76"]
[Site "Internet Chess Club"]
[Date "2018.04.21"]
[Round "5"]
[White "g8wrb"]
[Black "chesskix"]
[Result "1/2-1/2"]
[WhiteElo "1331"]
[BlackElo "1393"]
[Opening "Sicilian: Alapin's variation (2.c3)"]
[ECO "B22"]
[Time "16:01:05"]
[TimeControl "2700+45"]

1. e4 c5 2. c3 Nc6 3. d4 cxd4 4. cxd4 e6 5. Nc3 d5 6. exd5 exd5 7. Nf3 Nge7 8.
Bd3 g6 9. O-O Bg7 10. Be3 O-O 11. Qb3 a6 12. Rac1 Na5 13. Qc2 b5 14. b3 Bb7 15.
Qd2 Nac6 16. Rfe1 f5 17. Bh6 Re8 18. Bxg7 Kxg7 19. Ng5 Nxd4 20. Bxb5 Nec6 21.
Rxe8 Qxe8 22. Bxc6 Nxc6 23. Qxd5 Qe7 24. Nf3 Rd8 25. Qc4 Qd6 26. h3 Ne7 27. Ng5
Nd5 28. Nxd5 Qxd5 29. Qxd5 Bxd5 30. Rc7+ Kh6 31. h4 Bg8 32. Ra7 Rd1+ 33. Kh2 Rd6
34. Nf7+ Bxf7 35. Rxf7 Rd2 36. Ra7 Rxa2 37. Kg3 Ra3 38. f3 Rxb3 39. Rxa6 Kg7
{Game drawn by mutual agreement} 1/2-1/2

[Event "Team 45 45 League T76"]
[Site "Internet Chess Club"]
[Date "2018.04.21"]
[Round "5"]
[White "kingsrook"]
[Black "SeniorCitizen"]
[Result "0-1"]
[WhiteElo "1169"]
[BlackElo "1341"]
[Opening "QGD: exchange, positional line"]
[ECO "D35"]
[Time "14:00:18"]
[TimeControl "2700+45"]

1. d4 d5 2. c4 e6 3. Nc3 Nf6 4. cxd5 exd5 5. Bg5 Be7 6. e3 O-O 7. Bd3 Nbd7 8.
Nf3 c5 9. O-O a6 10. a4 b6 11. b3 Bb7 12. Qc2 Rc8 13. Rad1 Qc7 14. Bf5 g6 15.
Bh3 Rfe8 16. Rfe1 cxd4 17. Nxd4 Qxc3 18. Qxc3 Rxc3 19. Bxd7 Nxd7 20. Bxe7 Rxe7
21. Rc1 Rxc1 22. Rxc1 Nc5 23. Rc3 Kg7 24. h3 Ne6 25. b4 Nxd4 26. exd4 Rd7 27. a5
bxa5 28. bxa5 Rd6 29. g3 Kf8 30. Kg2 Rd7 31. f3 Ke8 32. g4 Kd8 33. Kg3 Rc7 34.
Rb3 Kc8 35. Kf4 Bc6 36. Rc3 Bb5 37. Rxc7+ Kxc7 38. Ke5 Kd7 39. f4 Bf1 40. h4 Bg2
41. Kf6 Ke8 42. Kg7 h5 43. g5 Ke7 44. Kh6 Be4 45. Kg7 Bf5 46. Kh6 Be6 47. Kg7
Kd6 48. Kf6 Kc6 49. Ke5 Kb5 50. Kf6 Kxa5 51. f5 Bxf5 52. Kxf7 Kb4 53. Kf6 Be4
54. Ke5 a5 {White resigns} 0-1

[Event "Team 45 45 League T76"]
[Site "Internet Chess Club"]
[Date "2018.04.19"]
[Round "5"]
[White "idjit"]
[Black "kutch"]
[Result "1/2-1/2"]
[WhiteElo "1516"]
[BlackElo "1503"]
[Opening "Giuoco Piano"]
[ECO "C54"]
[Time "19:05:37"]
[TimeControl "2700+45"]

1. e4 e5 2. Nf3 Nc6 3. Bc4 Bc5 4. c3 Nf6 5. d3 d6 6. Bb3 h6 7. Nbd2 O-O 8. Nf1
Be6 9. Ng3 d5 10. Qe2 d4 11. O-O dxc3 12. bxc3 Bxb3 13. axb3 Qd7 14. Nf5 Rfd8
15. Rd1 Ng4 16. d4 exd4 17. cxd4 Bb6 18. h3 Nf6 19. Bf4 Re8 20. Ne5 Nxe5 21.
dxe5 Qe6 22. Nxg7 Kxg7 23. exf6+ Qxf6 24. Qg4+ Kh7 25. Bg3 Rad8 26. Rxd8 Qxa1+
27. Rd1 Qf6 28. Rd7 Qa1+ 29. Kh2 Qf6 30. Bxc7 Bxc7+ 31. Rxc7 Qd6+ 32. Qg3 Qxg3+
33. Kxg3 Kg7 34. f3 Rb8 35. Kf4 a5 36. Ke5 b5 37. Ra7 a4 38. bxa4 b4 39. Rd7 Ra8
40. g4 Rxa4 41. Rb7 Ra3 42. Kf4 Rb3 43. h4 Rb1 44. Kf5 b3 45. f4 b2 46. e5 Kf8
47. Kf6 Kg8 48. Rb8+ Kh7 49. Kxf7 Rf1 50. Rxb2 Rxf4+ 51. Ke7 Rxg4 52. e6 Rxh4
53. Rf2 Re4 54. Kf7 h5 55. e7 Kh6 56. e8=Q Rxe8 57. Kxe8 Kg5 58. Rg2+ Kf4 59.
Kf7 h4 60. Kg6 h3 61. Rh2 Kg3 62. Rxh3+ Kxh3 {Game drawn because neither player
has mating material} 1/2-1/2

[Event "Team 45 45 League T76"]
[Site "Internet Chess Club"]
[Date "2018.04.24"]
[Round "5"]
[White "clarinetref"]
[Black "Pawnchain"]
[Result "1-0"]
[WhiteElo "1496"]
[BlackElo "1346"]
[Opening "English, 1...Nf6 (Anglo-Indian defense)"]
[ECO "A15"]
[Time "08:06:34"]
[TimeControl "2700+45"]

1. c4 Nf6 2. g3 d5 3. Bg2 dxc4 4. Qa4+ c6 5. Qxc4 e5 6. d3 Be6 7. Qc2 Qb6 8. Nf3
Bd6 9. Nc3 O-O 10. O-O Nbd7 11. Be3 Qa5 12. a3 a6 13. b4 Qc7 14. Ng5 Bf5 15.
Rac1 Rac8 16. Qb3 Qd8 17. Rfd1 Qe7 18. Rc2 Ng4 19. Bc1 Be6 20. Nxe6 Qxe6 21.
Qxe6 fxe6 22. Ne4 Bb8 23. h3 Ngf6 {Black resigns} 1-0

[Event "Team 45 45 League T76"]
[Site "Internet Chess Club"]
[Date "2018.04.22"]
[Round "5"]
[White "liujf"]
[Black "sdcohle"]
[Result "1-0"]
[WhiteElo "1639"]
[BlackElo "1356"]
[Opening "French: Rubinstein variation"]
[ECO "C03"]
[Time "15:02:23"]
[TimeControl "2700+45"]

1. e4 e6 2. d4 d5 3. Nd2 dxe4 4. Nxe4 Nd7 5. Nf3 Ngf6 6. Bd3 Be7 7. O-O O-O 8.
Re1 b6 9. Bf4 Bb7 10. Qd2 Nd5 11. Bg5 Bxg5 12. Nfxg5 h6 13. Nf3 N5f6 14. c3 Re8
15. a4 a6 16. Qe2 Nd5 17. Qd2 N5f6 18. c4 Bc6 19. a5 Qb8 20. axb6 cxb6 21. Qb4
Qb7 22. Nd6 Qc7 23. Nxe8 Nxe8 24. Be4 Bxe4 25. Rxe4 Ndf6 26. Ree1 Nd6 27. b3 a5
28. Qd2 Rd8 29. Qf4 Qc6 30. Ne5 Qb7 31. Qf3 Qc7 32. Qc6 Qa7 33. Qf3 Nf5 34. Nc6
Nxd4 35. Nxa7 Nxf3+ 36. gxf3 Rd7 37. Nb5 Rd3 38. Rab1 Rxf3 39. Nd4 Rc3 40. Re3
Rxe3 41. fxe3 Ne4 42. Rd1 Nc3 43. Rd3 Ne4 44. Nf3 Nc5 45. Rd6 Nxb3 46. Rxb6 Nc5
47. Rb5 Nd7 48. Rxa5 f6 49. c5 e5 50. c6 Nb6 51. c7 Kh7 52. Ra8 Nxa8 53. c8=Q
{Black resigns} 1-0

[Event "Team 45 45 League T76"]
[Site "Internet Chess Club"]
[Date "2018.04.20"]
[Round "5"]
[White "Aquaman"]
[Black "oldprez1"]
[Result "0-1"]
[WhiteElo "1240"]
[BlackElo "1276"]
[Opening "Réti: King's Indian attack"]
[ECO "A05"]
[Time "20:01:07"]
[TimeControl "2700+45"]

1. Nf3 Nf6 2. g3 g6 3. Bg2 Bg7 4. O-O O-O 5. d3 d6 6. e4 c5 7. Re1 Nc6 8. c3 Rb8
9. Bd2 b5 10. a3 Be6 11. Qc1 Na5 12. Qd1 Nb3 13. Be3 Nxa1 14. Nbd2 Ng4 15. Ng5
Bd7 16. Qxa1 Nxe3 17. Rxe3 Bh6 18. f4 e5 19. Rf3 Bg4 20. Rf2 Bxg5 21. fxg5 Qxg5
22. Qf1 Be6 23. Nf3 Qe7 24. Qc1 f6 25. Rf1 a5 26. Nd2 f5 27. Re1 f4 28. gxf4
Rxf4 29. Nf3 Rbf8 30. d4 Rxf3 31. Bxf3 Rxf3 32. Qd2 Rf4 33. d5 Qg5+ 34. Kh1 Rf1+
35. Rxf1 Qxd2 36. dxe6 Qg5 37. Rf7 Qd8 38. e7 Qe8 39. Rf8+ Qxf8 40. exf8=Q+ Kxf8
41. Kg2 Kf7 42. Kf3 Ke6 43. h4 d5 44. b3 d4 45. cxd4 cxd4 46. Ke2 h6 47. b4 a4
48. Kd3 g5 49. hxg5 hxg5 50. Ke2 g4 51. Kf2 Kf6 52. Kg3 Kg5 53. Kf2 Kf4 {White
resigns} 0-1

[Event "Team 45 45 League T76"]
[Site "Internet Chess Club"]
[Date "2018.04.23"]
[Round "5"]
[White "cpic2363"]
[Black "KidRattler"]
[Result "1-0"]
[WhiteElo "1471"]
[BlackElo "1570"]
[Opening "Ruy Lopez: Schliemann defense"]
[ECO "C63"]
[Time "19:23:30"]
[TimeControl "2700+45"]

1. e4 e5 2. Nf3 Nc6 3. Bb5 f5 4. d3 d6 5. a3 fxe4 6. dxe4 Nf6 7. Nc3 Be7 8. Bg5
O-O 9. Bc4+ Kh8 10. h3 h6 11. Be3 Nh7 12. Qd2 g5 13. O-O-O Qe8 14. Nh2 Bd8 15.
h4 gxh4 16. Bxh6 Qg6 17. Be3 Be6 18. Bxe6 Qxe6 19. Nf3 Qg4 20. Kb1 Bf6 21. Nd5
Rac8 22. Nxf6 Rxf6 23. Rdg1 Qxe4 24. Rxh4 Qg6 25. Rgh1 Kg7 26. Rxh7+ Qxh7 27.
Rxh7+ Kxh7 28. Qd3+ Kg7 29. Qd5 a6 30. Ng5 Re8 31. g3 Nd8 32. f4 c6 33. Qg2 Nf7
34. Qh3 Nxg5 35. fxg5 Rfe6 36. c4 d5 37. cxd5 cxd5 38. g6 Kxg6 39. g4 Kg7 40.
Kc2 d4 41. Bd2 e4 42. Kd1 e3 43. Bb4 d3 44. Bc3+ Kf8 45. Qh8+ Ke7 46. Qh7+ Kd6
47. Qxd3+ Kc7 48. Ke2 b5 49. Qd5 Kb6 50. g5 Rc6 51. Ba5+ Kxa5 52. Qxc6 Rg8 53.
g6 Ka4 54. Kxe3 Rxg6 55. Qxg6 Kb3 56. Qxa6 b4 57. axb4 Kc2 58. b5 Kb3 59. b6 Kc2
60. Qd3+ Kc1 61. b4 Kb2 62. b7 Ka1 63. b8=Q Ka2 64. Qg8+ Ka1 65. Qd1+ Kb2 66.
Qgb3# {Black checkmated} 1-0

[Event "Team 45 45 League T76"]
[Site "Internet Chess Club"]
[Date "2018.04.22"]
[Round "5"]
[White "herrahuu"]
[Black "mongmong"]
[Result "1-0"]
[WhiteElo "1465"]
[BlackElo "1489"]
[Opening "French: King's Indian attack"]
[ECO "C00"]
[Time "00:00:29"]
[TimeControl "2700+45"]

1. e4 e6 2. d3 d5 3. Nd2 Nf6 4. Qe2 c5 5. f4 Nc6 6. Ngf3 Be7 7. g3 b5 8. Bg2 a5
9. O-O Ba6 10. f5 O-O 11. e5 Nxe5 12. Nxe5 c4 13. d4 b4 14. c3 Qc7 15. g4 exf5
16. gxf5 Rfe8 17. Qf3 h6 18. Re1 Bd6 19. Nf1 Bxe5 20. dxe5 Rxe5 21. Bf4 Rxe1 22.
Rxe1 Qd7 23. Ne3 Re8 24. Nc2 bxc3 25. Rxe8+ Qxe8 26. bxc3 Bb7 27. Nd4 Qa4 28.
Be5 Ne8 29. Qg3 f6 30. Bf4 Kh8 31. Ne6 Qd7 32. Qg6 Bc8 33. Bh3 Qe7 34. Bg4 Bxe6
35. fxe6 Nd6 36. Bxd6 Qxd6 37. Bf5 Kg8 38. Qf7+ Kh8 39. e7 {Black resigns} 1-0

[Event "Team 45 45 League T76"]
[Site "Internet Chess Club"]
[Date "2018.04.19"]
[Round "5"]
[White "Kingofknights"]
[Black "stanbeers"]
[Result "1-0"]
[WhiteElo "1485"]
[BlackElo "1403"]
[Opening "QGD Slav: exchange variation, 6.Bf4 Bf5"]
[ECO "D14"]
[Time "20:01:08"]
[TimeControl "2700+45"]

1. d4 d5 2. c4 c6 3. Nf3 Nf6 4. Nc3 Bf5 5. cxd5 cxd5 6. Bf4 Nc6 7. e3 e6 8. Bb5
Bd6 9. Ne5 Rc8 10. Qa4 Qc7 11. Qxa7 O-O 12. Bxc6 bxc6 13. Qxc7 Bxc7 14. O-O Bxe5
15. Bxe5 Nd7 16. Bd6 Rfe8 17. b4 h6 18. Na4 Ra8 19. Nc5 Nxc5 20. Bxc5 Bd3 21.
Rfc1 Bb5 22. Rc3 Ra4 23. f3 Rea8 24. a3 Kh7 25. g4 R4a6 26. h4 g6 27. Kf2 f5 28.
Bd6 R6a7 29. Kg3 h5 30. gxh5 gxh5 31. Kf4 Rg7 32. Be5 Rg6 33. Bc7 Ra7 34. Bb6
Ra8 35. Ba5 Ba4 36. Rf1 Bb5 37. Rf2 Rag8 38. Ke5 Re8 39. e4 fxe4 40. fxe4 Rg4
41. Rf7+ Kh6 42. Rf4 Rg6 43. Rcf3 Bd3 44. Rxd3 {Black resigns} 1-0

[Event "Team 45 45 League T76"]
[Site "Internet Chess Club"]
[Date "2018.04.21"]
[Round "5"]
[White "Just-Jim"]
[Black "smsxman"]
[Result "1-0"]
[WhiteElo "1169"]
[BlackElo "1298"]
[Opening "Réti opening"]
[ECO "A04"]
[Time "15:00:42"]
[TimeControl "2700+45"]

1. Nf3 e6 2. d4 Nf6 3. a3 d5 4. Nc3 c5 5. Bf4 Nc6 6. Nb5 Qa5+ 7. Nc3 cxd4 8.
Nxd4 e5 9. Nxc6 bxc6 10. Bxe5 Ng4 11. Bd4 c5 12. e3 cxd4 13. Bb5+ Bd7 14. Bxd7+
Kxd7 15. Qxg4+ Kc7 16. Qxd4 f6 17. O-O Rd8 18. b4 Qb6 19. Nxd5+ Rxd5 20. Qxd5
Qd6 21. Qa5+ Kb7 22. Rfd1 Qc6 23. b5 Qc7 24. Qa6+ Kb8 25. g3 Bc5 26. Rab1 Bb6
27. a4 Rd8 28. Rxd8+ Qxd8 29. Rb4 Qd1+ 30. Kg2 Qd5+ 31. f3 Qd2+ 32. Kh3 Qxb4 33.
e4 Qa5 34. Qxa5 Bxa5 35. c4 Kc7 36. c5 g6 37. Kg4 h6 38. h4 Bb4 39. c6 Kb6 40.
f4 Bd6 41. h5 g5 42. Kf5 gxf4 43. gxf4 a6 44. bxa6 Kxa6 45. e5 fxe5 46. fxe5 Bf8
47. e6 Kb6 48. Kg6 Kxc6 49. Kf7 Bd6 50. e7 Bxe7 51. Kxe7 Kb6 52. Kf6 Ka5 53. Kg6
Kxa4 54. Kxh6 Kb5 55. Kg6 Kc6 56. h6 {Black resigns} 1-0

[Event "Team 45 45 League T76"]
[Site "Internet Chess Club"]
[Date "2018.04.28"]
[Round "5"]
[White "calsal"]
[Black "kllrchris"]
[Result "1-0"]
[WhiteElo "1756"]
[BlackElo "1649"]
[Opening "Sicilian: Alapin's variation (2.c3)"]
[ECO "B22"]
[Time "15:19:26"]
[TimeControl "2700+45"]

1. e4 c5 2. c3 d5 3. exd5 Qxd5 4. d4 g6 5. Nf3 Bg7 6. Na3 cxd4 7. Bc4 Qe4+ 8.
Be3 Nh6 9. cxd4 O-O 10. Nb5 Nc6 11. Nc3 Qf5 12. h3 Qh5 13. Qd2 Ng4 14. O-O-O
Nxe3 15. fxe3 Qa5 16. Rhf1 Qb4 17. Be2 Qa5 18. Bc4 Qb4 19. Qe2 Na5 20. Bd5 e6
21. Be4 Bd7 22. Kb1 Nc4 23. g4 Rac8 24. Rc1 a5 25. Bd3 b5 26. Ne4 Na3+ 27. Ka1
Rxc1+ 28. Rxc1 Nc4 29. Bxc4 bxc4 30. Qxc4 Qxc4 {Black resigns} 1-0

[Event "Team 45 45 League T76"]
[Site "Internet Chess Club"]
[Date "2018.04.20"]
[Round "5"]
[White "WillC"]
[Black "SirIvanhoe"]
[Result "1/2-1/2"]
[WhiteElo "1646"]
[BlackElo "1574"]
[Opening "Queen's pawn game, Darooha variation "]
[ECO "D02"]
[Time "18:01:05"]
[TimeControl "2700+45"]

1. d4 d5 2. Nf3 Nf6 3. b3 e6 4. Bb2 Bb4+ 5. c3 Be7 6. e3 O-O 7. Bd3 c5 8. O-O
Nc6 9. Nbd2 cxd4 10. cxd4 Bd7 11. Rc1 Nb4 12. Bb1 Rc8 13. Qe2 Qb6 14. Rfd1 Bb5
15. Qe1 Nd3 16. Bxd3 Bxd3 17. Ne5 Bb5 18. a3 Nd7 19. f4 Nxe5 20. fxe5 Bd7 21.
Qg3 Rxc1 22. Rxc1 Rc8 23. Rxc8+ Bxc8 24. Qe1 Qc6 25. Qd1 Bg5 26. Kf2 b6 27. a4
Ba6 28. Qc1 Qxc1 29. Bxc1 Be7 30. Kf3 Bb4 31. e4 Bb7 32. Ke3 Bxd2+ 33. Bxd2 dxe4
34. b4 Bd5 35. a5 bxa5 36. bxa5 a6 37. g4 f5 38. exf6 gxf6 39. Kf4 Kf7 40. h4
Kg6 41. h5+ Kf7 42. Bb4 Bb7 43. Bd6 Bd5 {Game drawn by mutual agreement} 1/2-1/2

[Event "Team 45 45 League T76"]
[Site "Internet Chess Club"]
[Date "2018.04.23"]
[Round "5"]
[White "Chess4Him"]
[Black "JohLeb"]
[Result "0-1"]
[WhiteElo "1543"]
[BlackElo "1636"]
[Opening "Queen's pawn, Mason variation"]
[ECO "D00"]
[Time "21:00:32"]
[TimeControl "2700+45"]

1. d4 d5 2. Bf4 Bf5 3. c4 Nf6 4. e3 c6 5. Nc3 e6 6. Nf3 Bd6 7. Ne5 Bxe5 8. dxe5
Ne4 9. Nxe4 Bxe4 10. f3 Bg6 11. Qd2 O-O 12. h4 h5 13. g4 dxc4 14. Qxd8 Rxd8 15.
Bxc4 Nd7 16. Rh2 Nb6 17. Bb3 hxg4 18. fxg4 Be4 19. Rd1 Rxd1+ 20. Bxd1 Nd5 21.
Rd2 c5 22. a3 b5 23. Bc2 Bxc2 24. Rxc2 c4 25. Kf2 a5 26. Kf3 Nb6 27. h5 b4 28.
e4 Rd8 29. Rd2 Rxd2 30. Bxd2 c3 31. bxc3 bxa3 32. c4 Nxc4 33. Bc3 a2 34. Ke2 a4
35. Kd3 Na5 36. Bb2 Nb3 37. Kc3 a1=Q 38. Bxa1 Nxa1 39. Kb4 Nc2+ 40. Kxa4 Kh7 41.
Kb5 Kh6 42. Kc6 Kg5 43. Kd7 Kxg4 44. Ke7 Kxh5 45. Kxf7 Nd4 46. Kxg7 Kg5 47. Kf7
Kf4 48. Ke7 Kxe4 49. Kd6 Kf5 50. Kc5 Kxe5 51. Kc4 Ke4 52. Kc3 Ke3 53. Kc4 e5 54.
Kd5 e4 55. Ke5 Nf3+ 56. Kd5 Kd3 57. Ke6 e3 58. Kf5 e2 59. Kf4 Nd4 {White
resigns} 0-1

[Event "Team 45 45 League T76"]
[Site "Internet Chess Club"]
[Date "2018.04.22"]
[Round "5"]
[White "Scorpius"]
[Black "BrerRabbit"]
[Result "1-0"]
[WhiteElo "1338"]
[BlackElo "1429"]
[Opening "Pirc defense"]
[ECO "B07"]
[Time "19:03:39"]
[TimeControl "2700+45"]

1. e4 d6 2. d4 Nf6 3. Nc3 e5 4. h3 Nbd7 5. Nf3 Be7 6. Bd3 c6 7. Be3 O-O 8. Qd2
a6 9. O-O-O b5 10. g4 Bb7 11. g5 Nh5 12. h4 a5 13. Kb1 Qc7 14. Ne2 Rfd8 15. Ng3
Nxg3 16. fxg3 c5 17. dxc5 dxc5 18. Bxb5 Bxe4 19. Rhf1 Nf6 20. Qe2 Nd5 21. Bc1
Bxf3 22. Qxf3 Bf8 23. Rxd5 {Black resigns} 1-0

[Event "Team 45 45 League T76"]
[Site "Internet Chess Club"]
[Date "2018.04.21"]
[Round "5"]
[White "Heian"]
[Black "Packerfan"]
[Result "0-1"]
[WhiteElo "1608"]
[BlackElo "1715"]
[Opening "Giuoco Pianissimo"]
[ECO "C50"]
[Time "15:09:53"]
[TimeControl "2700+45"]

1. e4 e5 2. Nf3 Nc6 3. Bc4 Bc5 4. d3 Nf6 5. O-O h6 6. Nc3 d6 7. h3 a6 8. a3 O-O
9. Nd5 Be6 10. Nxf6+ Qxf6 11. Bxe6 fxe6 12. Be3 Nd4 13. Nxd4 exd4 14. Bd2 e5 15.
f4 Qe7 16. f5 Rf7 17. Qg4 Kh8 18. h4 Raf8 19. Qh5 d5 20. Kh1 dxe4 21. dxe4 g6
22. Qxh6+ Rh7 23. Qg5 Rxh4+ 24. Kg1 d3+ 25. Rf2 Qh7 26. g3 Rh1+ 27. Kg2 Qh2+ 28.
Kf3 Qxf2+ 29. Kg4 Qe2# {White checkmated} 0-1

[Event "Team 45 45 League T76"]
[Site "Internet Chess Club"]
[Date "2018.04.22"]
[Round "5"]
[White "Bizzy-Ketty"]
[Black "andrew37"]
[Result "0-1"]
[WhiteElo "1603"]
[BlackElo "1690"]
[Opening "Sicilian: Najdorf, Opocensky variation"]
[ECO "B92"]
[Time "14:04:01"]
[TimeControl "2700+45"]

1. e4 c5 2. Nf3 d6 3. d4 cxd4 4. Nxd4 Nf6 5. Nc3 a6 6. Be2 e5 7. Nb3 Be7 8. O-O
O-O 9. a4 Be6 10. Be3 Nbd7 11. Kh1 Rc8 12. f4 exf4 13. Bxf4 Bxb3 14. cxb3 Nc5
15. Bd3 Ne6 16. Be3 Nd7 17. Nd5 Bg5 18. Bf2 Kh8 19. Bc4 Ndc5 20. Qg4 Nd7 21. Qg3
Ne5 22. Nb6 Bf4 23. Qh3 Rc6 24. a5 Ng5 25. Qh4 Ng6 26. Qh5 Be5 27. Qe2 Nf4 28.
Qc2 f5 29. exf5 Qf6 30. Qd2 Qh6 31. Bg3 Ne4 32. Qe3 Nxg3+ 33. Qxg3 Rxf5 34. h3
Ne2 35. Qg4 Ng3+ 36. Kg1 Qe3+ 37. Kh2 Nxf1+ 38. Kh1 Ng3+ 39. Kh2 Ne4+ 40. g3
Qf2+ 41. Kh1 Nxg3+ {White resigns} 0-1

[Event "Team 45 45 League T76"]
[Site "Internet Chess Club"]
[Date "2018.04.21"]
[Round "5"]
[White "QuieroAprender"]
[Black "Electryon"]
[Result "0-1"]
[WhiteElo "1490"]
[BlackElo "1511"]
[Opening "Scandinavian (center counter) defense"]
[ECO "B01"]
[Time "22:06:48"]
[TimeControl "2700+45"]

1. e4 d5 2. exd5 Qxd5 3. Nc3 Qd8 4. Bb5+ c6 5. Bc4 Bf5 6. Qf3 e6 7. d3 Bb4 8.
Ne2 Nf6 9. h3 Nd5 10. Bd2 Nd7 11. a3 Qa5 12. O-O Nxc3 13. axb4 Nxe2+ 14. Qxe2
Qc7 15. Bc3 O-O 16. g4 Bg6 17. h4 h6 18. h5 Bh7 19. f4 Nb6 20. Be5 Qe7 21. Bb3
Qh4 22. Qg2 Nd5 23. c4 Ne3 24. Qf3 Nxg4 25. Qg2 Nxe5 26. fxe5 Bxd3 27. Rf3 Qd4+
28. Qf2 Qxf2+ 29. Kxf2 Rfd8 30. Rg1 Bf5 31. Rfg3 g6 32. hxg6 Bxg6 33. Ke1 Kh7
34. Ke2 Rd4 35. c5 Rad8 36. Bxe6 Rd2+ {White resigns} 0-1

[Event "Team 45 45 League T76"]
[Site "Internet Chess Club"]
[Date "2018.04.22"]
[Round "5"]
[White "tryanything"]
[Black "Hectormercado"]
[Result "1-0"]
[WhiteElo "1543"]
[BlackElo "1462"]
[Opening "Scandinavian: Marshall variation"]
[ECO "B01"]
[Time "19:02:09"]
[TimeControl "2700+45"]

1. e4 d5 2. exd5 Nf6 3. d4 Nxd5 4. Nf3 Bg4 5. c3 Nc6 6. Be2 Qd7 7. O-O a6 8. Be3
Nxe3 9. fxe3 g6 10. Ng5 Bf5 11. e4 Bh6 12. Nxf7 Kxf7 13. exf5 Be3+ 14. Kh1 Kg7
15. Bg4 h5 16. f6+ {Black resigns} 1-0

[Event "Team 45 45 League T76"]
[Site "Internet Chess Club"]
[Date "2018.04.23"]
[Round "5"]
[White "az2112"]
[Black "fireball"]
[Result "1/2-1/2"]
[WhiteElo "1531"]
[BlackElo "1587"]
[Opening "Queen's pawn: London system"]
[ECO "A45"]
[Time "20:04:52"]
[TimeControl "2700+45"]

1. d4 Nf6 2. Bf4 d6 3. e3 g6 4. Bd3 Bg7 5. Nf3 Nc6 6. h3 Nb4 7. Bc4 d5 8. Be2 c5
9. c3 Nc6 10. Nbd2 c4 11. O-O O-O 12. b3 b5 13. a4 Ba6 14. axb5 Bxb5 15. bxc4
dxc4 16. Bxc4 Bxc4 17. Nxc4 Nd5 18. Nce5 Nxe5 19. Bxe5 Nxc3 20. Qd3 Nd5 21. Bxg7
Kxg7 22. Rfb1 Qd6 23. Rb7 a5 24. Qb5 Nc3 25. Qe5+ Qxe5 26. Nxe5 e6 27. Kf1 a4
28. Nd7 Rfc8 29. Ne5 Rf8 30. Nd7 Rfc8 31. Ne5 {Game drawn by mutual agreement}
1/2-1/2

[Event "Team 45 45 League T76"]
[Site "Internet Chess Club"]
[Date "2018.04.24"]
[Round "5"]
[White "Gilguli"]
[Black "joaoazm"]
[Result "0-1"]
[WhiteElo "1348"]
[BlackElo "1507"]
[Opening "Sicilian defense"]
[ECO "B20"]
[Time "13:13:04"]
[TimeControl "2700+45"]

1. e4 c5 2. a3 Nc6 3. b4 cxb4 4. axb4 Nxb4 5. Ra4 Nc6 6. d4 d5 7. exd5 Qxd5 8.
Nc3 Qd6 9. Nb5 Qb8 10. d5 Ne5 11. Ba3 a6 12. Nd4 Nf6 13. Qe2 b5 14. Rb4 Nxd5 15.
Rb3 Nc4 16. Bc1 e5 17. Ngf3 Bb4+ 18. Bd2 Nf4 19. Qe4 Bxd2+ 20. Nxd2 Bb7 21. Qf5
Nxd2 22. Kxd2 Qd6 23. Bd3 Qxd4 24. Re1 Nxd3 25. Rxd3 Qb4+ 26. Rc3 Rd8+ {White
resigns} 0-1

[Event "Team 45 45 League T76"]
[Site "Internet Chess Club"]
[Date "2018.04.18"]
[Round "5"]
[White "guyd52"]
[Black "BrerRabbit"]
[Result "1/2-1/2"]
[WhiteElo "1290"]
[BlackElo "1451"]
[Opening "Réti opening"]
[ECO "A04"]
[Time "19:01:16"]
[TimeControl "2700+45"]

1. Nf3 d6 2. g3 e5 3. d3 Be7 4. Bg2 Nf6 5. O-O O-O 6. e4 c6 7. Nbd2 Qc7 8. a4 h6
9. b3 Be6 10. Ba3 Nbd7 11. c4 c5 12. Bb2 Nb8 13. Bc3 a5 14. h4 Nc6 15. Kh2 Nb4
16. Bxb4 axb4 17. Bh3 Qd7 18. Bxe6 Qxe6 19. Kg2 Ng4 20. Qe2 Nf6 21. Rh1 Nh5 22.
Nh2 Nf6 23. Nhf3 Ng4 {Game drawn by mutual agreement} 1/2-1/2

[Event "Team 45 45 League T76"]
[Site "Internet Chess Club"]
[Date "2018.04.18"]
[Round "5"]
[White "bardu"]
[Black "pita"]
[Result "0-1"]
[WhiteElo "1281"]
[BlackElo "1255"]
[Opening "Grünfeld: modern exchange variation"]
[ECO "D85"]
[Time "10:06:44"]
[TimeControl "2700+45"]

1. d4 Nf6 2. c4 g6 3. Nc3 d5 4. cxd5 Nxd5 5. e4 Nxc3 6. bxc3 Bg7 7. Nf3 c5 8.
Rb1 O-O 9. Be2 Qa5 10. O-O cxd4 11. cxd4 Qxa2 12. Bg5 f6 13. Bf4 a6 14. Ra1 Qe6
15. Bd3 Nd7 16. Re1 Qg4 17. Bg3 Ra7 18. e5 fxe5 19. Re4 Qf5 20. Rxe5 Qf7 21. Ng5
Qf6 22. Qb3+ Kh8 23. Ne4 Qb6 24. Qxb6 Nxb6 25. Rxe7 Nd5 26. Rxg7 Kxg7 27. Be5+
Kh6 28. h3 Bf5 29. g4 Bxe4 30. Bxe4 Nc3 31. Bg2 b5 32. f4 Ne2+ 33. Kh2 Nxf4 34.
Be4 a5 35. h4 g5 36. hxg5+ Kxg5 37. Rg1 b4 38. Rg3 a4 39. Bf5 a3 40. d5 a2 41.
Rg1 Nxd5 42. Kg3 Ra3+ 43. Kf2 h5 44. gxh5+ Kxf5 45. Bg7 Ke4+ 46. Bxf8 Rf3+ 47.
Ke2 Nc3+ 48. Kd2 {White resigns} 0-1

[Event "Team 45 45 League T76"]
[Site "Internet Chess Club"]
[Date "2018.04.21"]
[Round "5"]
[White "kabindra"]
[Black "Ludlow"]
[Result "1-0"]
[WhiteElo "1696"]
[BlackElo "1387"]
[Opening "Caro-Kann: advance variation"]
[ECO "B12"]
[Time "11:01:09"]
[TimeControl "2700+45"]

1. e4 c6 2. d4 d5 3. e5 Bf5 4. Ne2 e6 5. Ng3 Bg6 6. h4 h6 7. h5 Bh7 8. Bd3 Bxd3
9. cxd3 Bb4+ 10. Nc3 Ne7 11. Qg4 Rg8 12. O-O Nd7 13. a3 Bxc3 14. bxc3 Qa5 15.
Bd2 Qa4 16. f4 O-O-O 17. f5 Nxe5 18. Qe2 Nd7 19. fxe6 fxe6 20. Qxe6 Rge8 21. Rf7
Ng8 22. Qd6 Re7 23. Bf4 Qa5 24. Rxe7 Nxe7 25. Qxe7 Qxc3 26. Qd6 Qa5 27. Rc1 Rf8
28. Rf1 Qd8 29. Be5 Rxf1+ 30. Kxf1 Nxe5 31. Qxd8+ Kxd8 32. dxe5 Ke7 33. Nf5+ Ke6
34. Nxg7+ Kxe5 35. Kf2 a5 36. g4 b5 37. Nf5 b4 38. axb4 a4 39. Ne3 a3 40. Kf3 a2
41. Nc2 a1=Q 42. Nxa1 Kd4 43. Ke2 Ke5 44. Ke3 Kf6 45. d4 Kg5 46. Kf3 Kf6 47. Kf4
Kg7 48. Kf5 Kf7 49. Nb3 Kg7 50. Na5 Kf7 51. Nxc6 {Black resigns} 1-0

[Event "Team 45 45 League T76"]
[Site "Internet Chess Club"]
[Date "2018.04.22"]
[Round "5"]
[White "J-adoube"]
[Black "BrianWood"]
[Result "0-1"]
[WhiteElo "1177"]
[BlackElo "1506"]
[Opening "Sicilian: Canal-Sokolsky attack, 3...Bd7"]
[ECO "B52"]
[Time "14:01:30"]
[TimeControl "2700+45"]

1. e4 c5 2. Nf3 d6 3. Bb5+ Bd7 4. Nc3 Nf6 5. Bxd7+ Nbxd7 6. O-O g6 7. d3 Bg7 8.
Be3 O-O 9. h3 a6 10. Qd2 e5 11. g4 Nb6 12. Bg5 Qd7 13. Bxf6 Bxf6 14. Qh6 Bg7 15.
Qh4 d5 16. Rad1 d4 17. Ne2 c4 18. c3 cxd3 19. Rxd3 Qb5 20. Rd2 Nc4 21. Rdd1 Nxb2
22. Rd2 d3 23. Rb1 dxe2 24. Rbxb2 Qc6 25. Rxe2 Qxc3 26. Qg3 b5 27. Kg2 Rac8 28.
Qh4 f6 29. g5 Qxf3+ 30. Kxf3 fxg5+ 31. Kg4 gxh4 32. Kxh4 Rf4+ 33. Kg3 Rc4 34. f3
g5 35. Rbd2 Rc3 36. Rf2 Rxe4 37. Rd8+ Bf8 38. Kg2 Rd4 39. Ra8 Ra4 40. Ra7 Rca3
41. Kg3 h5 42. Re2 e4 43. Rf2 Rxf3+ 44. Rxf3 exf3 45. Kxf3 Rxa2 46. Kg3 Ra3+ 47.
Kg2 b4 48. Rd7 b3 49. Rd2 Ra2 {White resigns} 0-1